 Dungeon Crawl Stone Soup version 0.17.0-28-g6e173f8 (webtiles) character file.

31 dohliylev the Sneak (level 3, -2/27 HPs)
             Began as a Vampire Assassin on Nov 29, 2015.
             Was a Follower of Okawaru.
             Slain by a kobold
             ... wielding a +1 dagger of electrocution
              (19 damage)
             ... on level 2 of the Dungeon.
             The game lasted 00:03:44 (1003 turns).

dohliylev the Sneak (Vampire Assassin)              Turns: 1003, Time: 00:03:45

Health: -2/27      AC:  3    Str: 10    XL:     3   Next: 7%
Magic:  12/12      EV: 12    Int: 13    God:    Okawaru [*.....]
Gold:   85         SH:  0    Dex: 16    Spells: 0 memorised, 2 levels left

rFire  . . .     SeeInvis +     a - +2 dagger
rCold  . . .     Clarity  .     c - +0 robe
rNeg   + . .     SustAt   .     (no shield)
rPois  .         Gourm    .     (no helmet)
rElec  .         Spirit   .     d - +0 cloak
rCorr  .         Warding  .     (no gloves)
rMut   +         Stasis   .     (no boots)
MR     .....                    r - amulet of resist mutation
Stlth  ++++......               (no ring)
                                h - ring of magical power

@: not resistant to hostile enchantments, stealthy
A: fangs 3, see invisible, unbreathing
a: Bat Form, Heroism, Renounce Religion


You were on level 2 of the Dungeon.
You worshipped Okawaru.
Okawaru was aware of your devotion.
You were not thirsty.

You visited 1 branch of the dungeon, and saw 2 of its levels.

You collected 85 gold pieces.

Inventory:

Hand Weapons
 a - a +2 dagger (weapon)
 b - a +0 blowgun
Missiles
 e - 8 poisoned needles
 f - 2 curare-tipped needles
Armour
 c - a +0 robe (worn)
 d - a +0 cloak (worn)
Jewellery
 h - a ring of magical power (left hand)
 r - an amulet of resist mutation (around neck)
Scrolls
 m - 2 scrolls of remove curse {unknown}
 n - a scroll of fear {unknown}
 q - a scroll of magic mapping {unknown}
 t - a scroll of enchant weapon {unknown}
Potions
 g - a potion of blood
 i - 2 potions of curing {unknown}
 j - a potion of mutation {unknown}
 k - 2 potions of brilliance {unknown}
 l - 3 potions of heal wounds {unknown}
 o - a potion of haste {unknown}
 p - a potion of invisibility {unknown}
 s - a potion of flight {unknown}


   Skills:
 + Level 1.8 Fighting
 + Level 2.1 Short Blades
 + Level 1.5 Throwing
 + Level 1.3 Dodging
 * Level 7.3 Stealth


You had 2 spell levels left.
You didn't know any spells.

Dungeon Overview and Level Annotations

Branches:
Dungeon (2/15)

Altars:
Okawaru


Innate Abilities, Weirdness & Mutations

You have razor-sharp teeth.
You have supernaturally acute eyesight.
You can survive without breathing.


Message History

You barely miss the kobold. Your bite misses the kobold.
You closely miss the kobold.
The kobold hits you with a dagger of electrocution.
You hit the kobold but do no damage. You hit the kobold but do no damage.
The kobold hits you with a dagger of electrocution.
You hit the kobold but do no damage. You bite the kobold, but do no damage.
The kobold closely misses you.
You hit the kobold.
The kobold is moderately wounded.
The kobold hits you with a dagger of electrocution.
You barely miss the kobold.
The kobold is moderately wounded.
The kobold closely misses you.
The hobgoblin hits you but does no damage.
You hit the kobold.
The kobold is severely wounded.
The kobold hits you but does no damage.
You are electrocuted!
Ouch! That really hurt!
You die...

### ### #.######## #.#
#........# #.#
#.######.#########.# #.#
#...........#
#.################.#
...............K@..#
#.###############g.......
#.....# #.######. #.###.#
#.# #####.# #.# ......#
#.# .....## #.# .....#
#.# .....>...


You could see a hobgoblin and a kobold.

Vanquished Creatures
  An adder (D:2)
  A worm (D:2)
  2 giant geckos (D:1)
  A bat (D:2)
  5 goblins
  3 kobolds
  6 rats (D:1)
19 creatures vanquished.

Notes
Turn   | Place    | Note
--------------------------------------------------------------
     0 | D:1      | dohliylev the Vampire Assassin began the quest for the Orb.
     0 | D:1      | Reached XP level 1. HP: 16/16 MP: 1/1
    52 | D:1      | Reached skill level 6 in Stealth
   289 | D:1      | Reached XP level 2. HP: 20/22 MP: 2/2
   775 | D:2      | Reached skill level 7 in Stealth
   794 | D:2      | Found a faded altar to an unknown god.
   811 | D:2      | Reached XP level 3. HP: 14/27 MP: 3/3
   868 | D:2      | Became a worshipper of Warmaster Okawaru
   868 | D:2      | Reached * piety under Okawaru
  1003 | D:2      | Slain by a kobold

Action                   || total
-------------------------++-------
Melee: Dagger            ||    56
 Stab: Sleeping          ||     7
